 Dungeon Crawl Stone Soup version 0.26.0-91-g99b343417d (webtiles) character file.

Game seed: 3640070971049843542

181 jlumianski the Skirmisher (level 5, -2/49 HPs)
             Began as a Palentonga Fighter on Feb 3, 2021.
             Killed by nerve-wracking pain
             ... invoked by Grinder
              (14 damage)
             ... on level 3 of the Dungeon.
             The game lasted 00:10:15 (2606 turns).

jlumianski the Skirmisher (Palentonga Fighter)      Turns: 2606, Time: 00:10:16

Health: -2/49      AC: 11    Str: 21    XL:     5   Next: 34%
Magic:  5/5        EV:  4    Int:  8    God:
Gold:   255        SH:  9    Dex:  9    Spells: 4/4 levels left

rFire    + . .     SeeInvis +   a - +0 war axe
rCold    . . .     Faith    .   c - +0 kite shield
rNeg     . . .     Spirit   .   n - +2 chain mail {rF+}
rPois    .         Reflect  .   w - +0 helmet
rElec    .         Harm     .   (no cloak)
rCorr    .         Rampage  .   (no gloves)
Will     .....                  (no barding)
Stlth    ..........             (no amulet)
HPRegen  0.16/turn              (no ring)
MPRegen  0.09/turn              (no ring)

@: no status effects
A: large, rugged brown scales 3, see invisible, deformed body, roll 1, armoured
tail
a: Rolling Charge


You were on level 3 of the Dungeon.
You visited 1 branch of the dungeon, and saw 3 of its levels.

You collected 255 gold pieces.

Inventory:

Hand Weapons
 a - a +0 war axe (weapon)
 e - a +0 dagger of speed
 i - a cursed -1 short sword
 p - a +1 dagger of holy wrath
 v - a cursed -1 hunting sling
Missiles
 f - 100 stones
 l - 33 poisoned darts (quivered)
 o - 5 boomerangs
 y - 5 silver boomerangs
Armour
 b - a +0 scale mail
 c - a +0 kite shield (worn)
 g - a +2 ring mail of fire resistance
 n - a +2 chain mail of fire resistance (worn)
 u - a +0 plate armour
 w - a +0 helmet (worn)
Jewellery
 s - an uncursed amulet of faith
 x - an uncursed amulet of guardian spirit {unknown}
Scrolls
 h - 2 scrolls of amnesia {unknown}
 k - a scroll of magic mapping {unknown}
 r - a scroll of blinking {unknown}
 t - a scroll of teleportation {unknown}
Potions
 d - 2 potions of might
 j - 2 potions of haste
 m - 3 potions of heal wounds {unknown}
 q - a potion of resistance
 z - a potion of attraction {unknown}


   Skills:
 + Level 3.9 Fighting
 + Level 3.7 Axes
 + Level 0.1 Throwing
 + Level 2.9 Armour
 + Level 1.2 Dodging
 + Level 2.8 Shields


You had 4 spell levels left.
You didn't know any spells.
Your spell library was empty.

Dungeon Overview and Level Annotations

Branches:
Dungeon (3/15)

Altars:
Ashenzari
Gozag
Vehumet
Xom
The Shining One

Annotations:
D:3 Grinder


Innate Abilities, Weirdness & Mutations

You are completely covered in rugged brown scales. (AC +3, +7% HP)
You have supernaturally acute eyesight. (SInv)
Armour fits poorly on your strangely shaped body.
You can roll at nearby foes to attack.
You have a long armoured tail.


Message History

Pain shoots through your body!
You completely miss Grinder.
Grinder is moderately wounded.
Grinder hits you.
You writhe in agony.
You closely miss Grinder.
Grinder is moderately wounded.
Grinder gestures at you.
You suddenly lose the ability to move!
Grinder blinks! x2
Grinder gestures at you. Pain shoots through your body!
* * * LOW HITPOINT WARNING * * *
Grinder hits you but does no damage.
You can move again.
You aren't carrying any items that you can evoke.
You hit Grinder.
Grinder is moderately wounded.
Grinder gestures at you. Pain shoots through your body!
You die...

####)...###
##.###
#......##
##.....
#....###. #
##.8..#
#..####.. #
#....#
#...##... #
#.8..#
#...'†..8 #
#....+
#...##... #
#####.8..#
#....##.. #
#.....5@.#
.......##. #
#.##...8..#
###......## #
#.#####.....#
#.####..# #
#.#
##.....)...#
..#
##########.#
########## .#
...........#
#
############
# # #


You could see Grinder.

Vanquished Creatures
  Ijyb (D:3)
  Robin (D:3)
  4 adders
  An ufetubus (D:3)
  3 oozes
  3 dart slugs
  2 leopard geckos
  3 orcs (D:3)
  10 bats
  5 giant cockroaches
  15 goblins
  11 hobgoblins
  2 jackals (D:3)
  9 kobolds
  A quokka (D:3)
  A ball python (D:1)
  A frilled lizard (D:1)
  6 rats
  2 toadstools (D:3)
81 creatures vanquished.

Vanquished Creatures (others)
  10 fungi (D:3)
  A toadstool (D:3)
11 creatures vanquished.

Grand Total: 92 creatures vanquished

Notes
Turn   | Place    | Note
-------+----------+-------------------------------------------
     0 | D:1      | jlumianski the Palentonga Fighter began the quest for the
                  | Orb.
     0 | D:1      | Reached XP level 1. HP: 20/20 MP: 1/1
    35 | D:1      | Reached XP level 2. HP: 16/27 MP: 2/2
   338 | D:1      | Reached XP level 3. HP: 32/33 MP: 3/3
  1131 | D:3      | Reached XP level 4. HP: 40/40 MP: 4/4
  1349 | D:3      | Noticed Ijyb
  1380 | D:3      | Killed Ijyb
  1381 | D:3      | Reached skill level 1 in Dodging
  1436 | D:3      | Found a shimmering altar of Xom.
  1443 | D:3      | Found an opulent altar of Gozag.
  1443 | D:3      | Found a glowing golden altar of the Shining One.
  1497 | D:3      | Found a radiant altar of Vehumet.
  1500 | D:3      | Found a broken altar of Ashenzari.
  1921 | D:3      | Noticed Robin
  1933 | D:2      | Reached XP level 5. HP: 42/48 MP: 5/5
  2045 | D:3      | Killed Robin
  2590 | D:3      | Noticed Grinder
  2601 | D:3      | Paralysed by Grinder for 5 turns
  2606 | D:3      | Killed from afar by Grinder

Illustrated notes

Levels and vault maps discovered:
D:1:      roderic_dead_forest, layout_basic
D:2:      layout_basic
D:3:      layout_loops_ring, minmay_overflow_temple_star_hex, zin_statuary,
          minmay_gold_behind_fungi, uniq_grinder, uniq_ijyb, uniq_robin

Skill      XL: |  1  2  3  4 |
---------------+-------------+-----
Axes           | 3 |  3.7
Dodging        | 1 |  1.2
Fighting       | |  3.9
Throwing       | |  0.1
Armour         | |  2.9
Shields        | |  2.8

Action                   |  1- 3 |  4- 6 || total
-------------------------+-------+-------++-------
Melee: War axe           |   108 |   111 ||   219
       Tailslap          |     6 |    12 ||    18
Throw: Dart              |     2 |     4 ||     6
 Abil: Rolling Charge    |    18 |     8 ||    26
  Use: Scroll            |       |     3 ||     3
Armor: Scale mail        |    55 |    21 ||    76
       Chain mail        |       |    40 ||    40
Dodge: Dodged            |    28 |    30 ||    58
Block: Kite shield       |    52 |    55 ||   107
